 Dungeon Crawl Stone Soup version 0.30.0-15-g856e2d3f33 (webtiles) character file.

Game seed: 3248795710687715308

445 qw the Chopper (level 7, -2/43 HPs)
             Began as a Gargoyle Fighter on May 20, 2023.
             Splashed by a jelly's acid (9 damage)
             ... on level 5 of the Dungeon.
             The game lasted 00:01:55 (3454 turns).

qw the Chopper (Gargoyle Fighter)                   Turns: 3454, Time: 00:01:56

Health: -2/43      AC: 11    Str: 21    XL:     7   Next: 3%
Magic:  7/7        EV:  5    Int:  9    God:
Gold:   630        SH:  9    Dex:  9    Spells: 6/6 levels left

rFire   + . .        Y - +0 war axe
rCold   . . .        c - +0 buckler
rNeg    + . .        f - +0 plate armour
rPois   inf          m - +0 helmet
rElec   +            (no cloak)
rCorr   .            k - +1 pair of gloves
SInv    .            (no boots)
Will    .....        n - amulet of reflection Stlth
                     e - ring of protection from fire
HPRegen 0.27/turn    (no ring)
MPRegen 0.10/turn

%: reflection
@: about to teleport, corroded
A: sickness immunity, AC +4, negative energy resistance 1, electricity
resistance, torment resistance 1, petrification resistance
a: no special abilities


You were on level 5 of the Dungeon.
You visited 1 branch of the dungeon, and saw 5 of its levels.

You collected 630 gold pieces.


Innate Abilities, Weirdness & Mutations

You are immune to sickness and miasma.
Your stone body is resilient. (AC +4)
You are immune to poison.
You resist negative energy. (rN+)
You are resistant to electric shocks. (rElec)
You are resistant to unholy torment.
You are immune to petrification.


   Skills:
 - Level 4.2 Fighting
 - Level 6.3 Axes
 + Level 3.2 Armour
 - Level 3.2 Shields


You had 6 spell levels left.
You didn't know any spells.
Your spell library was empty.

Inventory:

Hand Weapons
 l - a +0 morningstar
 Y - a +0 war axe (weapon)
Armour
 c - a +0 buckler (worn)
 f - a +0 plate armour (worn)
 k - a +1 pair of gloves (worn)
 m - a +0 helmet (worn)
Jewellery
 e - a ring of protection from fire (left hand)
 n - an amulet of reflection (around neck)
Potions
 a - a potion of invisibility {unknown}
 b - a potion of heal wounds {unknown}
 d - 3 potions of might
 g - a potion of lignification
 i - a potion of attraction {unknown}
 j - a potion of haste {unknown}
 p - a potion of curing {unknown}

Dungeon Overview and Level Annotations

Branches:
Dungeon (5/15)
 Temple: D:4-7

Altars:
Gozag
Qazlal


Message History

A jelly comes into view.
The jelly quivers.
You hit the ogre but do no damage. You block the ogre's attack.
You closely miss the ogre. The ogre hits you with a +0 giant club!
You slash the ogre!
The ogre is moderately wounded.
You slash the ogre!
The ogre is severely wounded.
You block the ogre's attack.
You barely miss the ogre.
The ogre is severely wounded.
The ogre barely misses you.
You slash the ogre!
You kill the ogre!
Your Axes skill increases to level 6!
You have reached level 7!
You slash the jelly!
Your hands burn!
The jelly is heavily wounded.
The jelly hits you. The acid corrodes you!
You are splashed with acid!
You hit the jelly. The acid corrodes you!
Your hands burn!
The jelly is severely wounded.
The jelly hits you but does no damage.
You hit the jelly but do no damage.
Your hands burn!
The jelly is severely wounded.
The jelly barely misses you. The jelly hits you but does no damage.
You hit the jelly but do no damage.
Your hands burn!
The jelly is severely wounded.
The jelly hits you but does no damage.
You hit the jelly.
Your hands burn!
The jelly is almost dead.
You block the jelly's attack.
3453 ||| READING scroll of teleportation.
As you read the scroll of teleportation, it crumbles to dust.
You feel strangely unstable. The jelly hits you but does no damage.
You completely miss the jelly.
The jelly is almost dead.
The jelly hits you. The acid corrodes you!
You are splashed with acid!
You die...

#......(.#####.##
##..###..........
# #..#####...
#.#.# ##.## #.#
##. #.# .....##.#
.......@#
..#.###J# #.# ...
#.. #..# #..#
#...


You could see a jelly.

Vanquished Creatures
  An ogre (D:5)
  A scorpion (D:4)
  A jelly (D:4)
  2 iguanas
  Terence (D:2)
  2 orc wizards (D:4)
  3 adders
  5 worms
  2 dart slugs
  6 orcs
  10 endoplasms
  5 giant cockroaches
  5 goblins
  7 hobgoblins
  8 jackals
  4 quokkas
  8 ball pythons
  7 bats
  A frilled lizard (D:2)
  7 kobolds
  4 rats
90 creatures vanquished.

Notes
Turn   | Place    | Note
-------+----------+-------------------------------------------
     0 | D:1      | qw the Gargoyle Fighter began the quest for the Orb.
     0 | D:1      | Reached XP level 1. HP: 14/14 MP: 1/1
     0 | D:1      | 0 ||| qw: Version: 0.2-a-97-g499787f
     0 | D:1      | 0 ||| qw: Game counter: 84
     0 | D:1      | 0 ||| qw: Always use a shield: true
     0 | D:1      | 0 ||| qw: God list: Okawaru
     0 | D:1      | 0 ||| qw: Allow faded altars: false
     0 | D:1      | 0 ||| qw: Do Orc after D:15 true
     0 | D:1      | 0 ||| qw: Do second Lair branch before Depths: true
     0 | D:1      | 0 ||| qw: Lair rune preference: random
     0 | D:1      | 0 ||| qw: Plans: Normal, Zot:1-4, God:TSO, Crypt, Tomb,
                  | Pan, Slime:5, Hells, Abyss, Win
     0 | D:1      | 0 ||| PLANNING D:1-11
    21 | D:1      | 21 ||| Stepping ~*~*~tactically~*~*~ (hiding).
    28 | D:1      | Reached skill level 2 in Axes
   194 | D:1      | Reached XP level 2. HP: 19/19 MP: 2/2
   305 | D:1      | Found a faded altar of an unknown god.
   587 | D:1      | 587 ||| UPGRADING to +0 plate armour.
   597 | D:1      | 597 ||| DROPPING +0 scale mail.
   598 | D:1      | 598 ||| READING scroll labelled TUCEYPOLUCS.
   599 | D:1      | 599 ||| READING 2 scrolls labelled OLAUKH DUIH.
   600 | D:1      | 600 ||| DROPPING scroll of fog.
   624 | D:2      | Reached skill level 3 in Axes
   649 | D:2      | Reached XP level 3. HP: 23/23 MP: 3/3
   800 | D:2      | 800 ||| Stepping ~*~*~tactically~*~*~ (hiding).
   914 | D:2      | 914 ||| Stepping ~*~*~tactically~*~*~ (stealth).
   979 | D:2      | Noticed Terence
   988 | D:2      | HP: 5/23 [Terence/+0 hand axe (6)]
   990 | D:2      | Killed Terence
   991 | D:2      | Reached skill level 4 in Axes
   991 | D:2      | Reached XP level 4. HP: 8/28 MP: 4/4
  1156 | D:2      | 1156 ||| Stepping ~*~*~tactically~*~*~ (stealth).
  1365 | D:2      | 1365 ||| READING scroll labelled SAISUS LISCHI.
  1366 | D:2      | 1366 ||| READING scroll labelled MEICUGI LISHROT.
  1415 | D:3      | 1415 ||| Stepping ~*~*~tactically~*~*~ (stealth).
  1417 | D:3      | 1417 ||| Stepping ~*~*~tactically~*~*~ (stealth).
  2238 | D:3      | Reached XP level 5. HP: 31/32 MP: 5/5
  2241 | D:3      | 2241 ||| DROPPING +0 whip.
  2381 | D:3      | 2381 ||| UPGRADING to +1 pair of gloves.
  2386 | D:3      | 2386 ||| READING scroll labelled ALIAH KEMAD.
  2386 | D:3      | Identified a scroll of acquirement
  2386 | D:3      | 2386 ||| ACQUIRING 421 gold pieces
  2386 | D:3      | Acquired 421 gold pieces
  2582 | D:4      | Found a stormy altar of Qazlal.
  2609 | D:4      | 2609 ||| Stepping ~*~*~tactically~*~*~ (stealth).
  2620 | D:4      | Reached skill level 5 in Axes
  2632 | D:4      | 2632 ||| Stepping ~*~*~tactically~*~*~ (stealth).
  2757 | D:4      | Reached XP level 6. HP: 38/38 MP: 6/6
  2776 | D:4      | Found an opulent altar of Gozag.
  2826 | D:4      | 2826 ||| Stepping ~*~*~tactically~*~*~ (stealth).
  2830 | D:4      | 2830 ||| Stepping ~*~*~tactically~*~*~ (stealth).
  2833 | D:4      | 2833 ||| Stepping ~*~*~tactically~*~*~ (stealth).
  2834 | D:4      | 2834 ||| Stepping ~*~*~tactically~*~*~ (stealth).
  3062 | D:4      | 3062 ||| Stepping ~*~*~tactically~*~*~ (hiding).
  3333 | D:4      | 3333 ||| UPGRADING to +0 helmet.
  3338 | D:4      | 3338 ||| UPGRADING to amulet of reflection.
  3343 | D:4      | 3343 ||| UPGRADING to ring of protection from fire.
  3344 | D:4      | 3344 ||| READING 2 scrolls labelled KYC PURCHUIWOP.
  3348 | D:4      | 3348 ||| DRINKING 2 puce potions.
  3400 | D:4      | 3400 ||| DRINKING 2 green potions.
  3401 | D:4      | 3401 ||| DROPPING potion of flight.
  3418 | D:5      | Entered Level 5 of the Dungeon
  3448 | D:5      | Reached skill level 6 in Axes
  3448 | D:5      | Reached XP level 7. HP: 33/43 MP: 7/7
  3452 | D:5      | HP: 7/43 [acid (5)]
  3453 | D:5      | 3453 ||| READING scroll of teleportation.
  3454 | D:5      | Splashed by a jelly's acid

Levels and vault maps discovered:
D:1:      erik_arrival_orb_chamber, layout_basic, basic_ecumenical_altar
D:2:      layout_rooms, item_on_display_a, uniq_terence
D:3:      layout_loops_corners
D:4:      layout_loops_ring, grunt_qazlal_clouds, nicolae_gozag_seed_capital,
          corexii_hall_statues_x, minmay_between
D:5:      layout_loops_cross, okawaru_ov_weapons_minmay,
          nemelex_spade_bored_becter, serial_shops, shop

Skill      XL: |  1  2  3  4  5  6 |
---------------+-------------------+-----
Axes           | 2 3 4 5 6 |  6.3
Fighting       | 4 |  4.2
Armour         | |  3.2
Shields        | |  3.2

Action                     |  1- 3 |  4- 6 |  7- 9 || total
---------------------------+-------+-------+-------++-------
  Melee: War axe           |   108 |   175 |     6 ||   289
    Use: Scroll            |     2 |     4 |     1 ||     7
         Potion            |       |     2 |       ||     2
 Armour: Scale mail        |    22 |       |       ||    22
         Plate armour      |    69 |   111 |     4 ||   184
  Dodge: Dodged            |    28 |    24 |     1 ||    53
  Block: Buckler           |    20 |    31 |     1 ||    52

Table legend:
 A = Non-vault XP
 B = Vault XP
 C = Vault XP percentage of total XP
 D = Non-vault monster count
 E = Vault monster count
 F = Vault count percentage of total count
                 A         B        C        D         E       F
            +---------+---------+-------+---------+---------+-------
      Total |     596 |      41 |   6.4 |      86 |       4 |   4.4
            +---------+---------+-------+---------+---------+-------
        D:1 |      28 |       0 |   0.0 |      15 |       0 |   0.0
        D:2 |      48 |      36 |  42.9 |      21 |       1 |   4.5
        D:3 |      93 |       0 |   0.0 |      23 |       0 |   0.0
        D:4 |     302 |       5 |   1.6 |      26 |       3 |  10.3
        D:5 |     125 |       0 |   0.0 |       1 |       0 |   0.0
            +---------+---------+-------+---------+---------+-------
